 Dungeon Crawl Stone Soup version 0.31-a0-152-g6aa68a64a1 (webtiles) character file.

Game seed: 11499450334778902842

248 qw the Shooter (level 6, 0/56 HPs)
             Began as a Naga Hunter on June 10, 2023.
             Was an Initiate of Okawaru.
             Killed by divine providence
             ... invoked by an orc priest
              (11 damage)
             ... on level 4 of the Dungeon.
             The game lasted 00:01:01 (2576 turns).

qw the Shooter (Naga Hunter)                        Turns: 2576, Time: 00:01:02

Health: 0/56       AC:  8    Str: 13    XL:     6   Next: 12%
Magic:  6/6        EV:  8    Int: 10    God:    Okawaru [......]
Gold:   83         SH:  0    Dex: 16    Spells: 5/5 levels left

rFire   . . .        Y - +0 shortbow
rCold   . . .        (shield currently unavailable)
rNeg    + + .        j - +2 ring mail {rN+}
rPois   +            h - +0 helmet
rElec   .            (no cloak)
rCorr   .            (no gloves)
SInv    +            (no barding)
Will    .....        f - amulet of regeneration
Stlth   +            l - ring of positive energy
HPRegen 1.09/turn    (no ring)
MPRegen 0.10/turn

%: no passive effects
@: about to teleport, very slow
A: AC +2, large, see invisible, deformed body, poison resistance, slowness 2,
spit poison 1, naga tail 1
a: Spit Poison, Renounce Religion


You were on level 4 of the Dungeon.
You worshipped Okawaru.
Okawaru was noncommittal.
You visited 1 branch of the dungeon, and saw 4 of its levels.

You collected 83 gold pieces.


Innate Abilities, Weirdness & Mutations

Your serpentine skin is tough. (AC +2)
You have supernaturally acute eyesight. (SInv)
Armour fits poorly on your strangely shaped body.
Your system is resistant to poisons. (rPois)
You cover ground very slowly.
You can spit poison.
You have a snake-like lower body.


   Skills:
 - Level 3.0 Fighting
 + Level 5.6 Ranged Weapons
 - Level 2.0 Armour
 - Level 1.5 Dodging
 - Level 1.5 Stealth


You had 5 spell levels left.
You didn't know any spells.
Your spell library was empty.

Inventory:

Hand Weapons
 Y - a +0 shortbow (weapon)
Armour
 h - a +0 helmet (worn)
 j - a +2 ring mail of positive energy (worn)
Jewellery
 f - an amulet of regeneration (around neck)
 l - a ring of positive energy (left hand)
Scrolls
 k - a scroll of identify
Potions
 a - a potion of resistance
 d - a potion of attraction {unknown}
 e - a potion of magic {unknown}
 m - 2 potions of curing
 n - a potion of heal wounds {unknown}

Dungeon Overview and Level Annotations

Branches:
Dungeon (4/15)
 Temple: D:4-7

Altars:
Okawaru
Zin

Shops:
D:1 :


Message History

You shoot an arrow. The arrow hits the orc.
The orc is almost dead.
You have got your breath back.
The orc hits you but does no damage.
A rat comes into view.
The orc hits you with a +0 whip. The orc hits you but does no damage.
The orc hits you with a +0 whip.
2571 ||| INVOKING Spit Poison.
Aiming: Spit Poison (1% risk of failure)
Press: ? - help, Shift-Dir - straight line, f/p - orc The splash of poison hits the orc!
You kill the orc!
Okawaru accepts your kill. The endoplasm freezes you.
You are frozen.
The orc barely misses you.
2572 ||| Stepping ~*~*~tactically~*~*~ (outnumbered).
The endoplasm attacks as you move away! The endoplasm barely misses you.
Enter note: You shoot an arrow.
The arrow hits the orc.
The orc is lightly wounded.
The orc priest mumbles some strange prayers to Beogh against you.
Beogh smites you! The endoplasm freezes you.
You are frozen.
The orc hits you but does no damage. The orc barely misses you.
2574 ||| READING scroll of teleportation.
As you read the scroll of teleportation, it crumbles to dust.
You feel strangely unstable.
The endoplasm hits you but does no damage.
The orc misses you.
You shoot an arrow. The arrow barely misses the orc.
The endoplasm hits you but does no damage.
The orc hits you but does no damage. The orc hits you with a +0 short sword.
You shoot an arrow. The arrow closely misses the orc.
You have got your breath back.
The orc hits you but does no damage.
The endoplasm hits you but does no damage.
The orc closely misses you.
The orc priest invokes the aid of Beogh against you.
Beogh smites you!
You die... ...... #....r. ....o .o.. ..##.. ..# wor

### .#..# ##.## ##o## #..#
#...(# #...####...##....
.##..###.......oJo......
...............o@o......
.....................#..
....................###
.......................
.<..#.#..##.........##....
....####..#..........#....
....#.#..................
.......................# #
....(........#.........#..


You could see an orc priest, a dart slug, 6 orcs, an endoplasm and a rat.

Vanquished Creatures
  A phantom (D:4)
  An iguana (D:3)
  2 gnolls
  5 adders
  5 orcs
  6 bats
  8 endoplasms
  3 giant cockroaches
  3 goblins
  4 hobgoblins
  4 jackals (D:1)
  3 kobolds
  3 quokkas
  17 ball pythons
  9 frilled lizards
  6 rats
80 creatures vanquished.

Notes
Turn   | Place    | Note
-------+----------+-------------------------------------------
     0 | D:1      | qw the Naga Hunter began the quest for the Orb.
     0 | D:1      | Reached XP level 1. HP: 19/19 MP: 1/1
     0 | D:1      | 0 ||| qw: Version: 0.2-a-122-gbc61b45
     0 | D:1      | 0 ||| qw: Game counter: 3526
     0 | D:1      | 0 ||| qw: Always use a shield: true
     0 | D:1      | 0 ||| qw: God list: Okawaru
     0 | D:1      | 0 ||| qw: Allow faded altars: false
     0 | D:1      | 0 ||| qw: Do Orc after D:15 true
     0 | D:1      | 0 ||| qw: Do second Lair branch before Depths: true
     0 | D:1      | 0 ||| qw: Lair rune preference: random
     0 | D:1      | 0 ||| qw: Plans: Normal
     0 | D:1      | 0 ||| PLANNING D:1-11
     7 | D:1      | 7 ||| INVOKING Spit Poison.
    33 | D:1      | 33 ||| INVOKING Spit Poison.
    48 | D:1      | 48 ||| INVOKING Spit Poison.
    83 | D:1      | 83 ||| INVOKING Spit Poison.
    89 | D:1      | Reached skill level 4 in Ranged Weapons
    89 | D:1      | Reached XP level 2. HP: 26/26 MP: 2/2
   101 | D:1      | 101 ||| INVOKING Spit Poison.
   112 | D:1      | 112 ||| INVOKING Spit Poison.
   185 | D:1      | 185 ||| INVOKING Spit Poison.
   188 | D:1      | 188 ||| INVOKING Spit Poison.
   269 | D:1      | 269 ||| INVOKING Spit Poison.
   275 | D:1      | 275 ||| INVOKING Spit Poison.
   277 | D:1      | Reached XP level 3. HP: 32/32 MP: 3/3
   318 | D:1      | 318 ||| INVOKING Spit Poison.
   323 | D:1      | 323 ||| INVOKING Spit Poison.
   382 | D:1      | 382 ||| INVOKING Spit Poison.
   440 | D:1      | 440 ||| INVOKING Spit Poison.
   777 | D:1      | Found Duuk's Book Shoppe.
   785 | D:1      | 785 ||| INVOKING Spit Poison.
   813 | D:1      | 813 ||| UPGRADING to +0 helmet.
   818 | D:1      | 818 ||| READING 2 scrolls labelled TIADDI CYWU.
   819 | D:1      | 819 ||| READING scroll labelled BEOGUWIDIZ.
   820 | D:1      | 820 ||| READING scroll labelled DEDITZU XAERREI.
   821 | D:1      | 821 ||| DROPPING scroll of vulnerability.
   822 | D:1      | 822 ||| DROPPING scroll of butterflies.
   896 | D:2      | 896 ||| INVOKING Spit Poison.
   901 | D:2      | Found a faded altar of an unknown god.
   916 | D:2      | 916 ||| INVOKING Spit Poison.
   920 | D:2      | 920 ||| INVOKING Spit Poison.
   949 | D:2      | 949 ||| INVOKING Spit Poison.
   967 | D:2      | 967 ||| INVOKING Spit Poison.
   974 | D:2      | 974 ||| INVOKING Spit Poison.
   980 | D:2      | 980 ||| INVOKING Spit Poison.
   981 | D:2      | Reached skill level 5 in Ranged Weapons
   981 | D:2      | Reached XP level 4. HP: 13/39 MP: 4/4
  1092 | D:2      | 1092 ||| INVOKING Spit Poison.
  1097 | D:2      | 1097 ||| INVOKING Spit Poison.
  1101 | D:2      | 1101 ||| INVOKING Spit Poison.
  1106 | D:2      | 1106 ||| INVOKING Spit Poison.
  1111 | D:2      | 1111 ||| INVOKING Spit Poison.
  1114 | D:2      | 1114 ||| INVOKING Spit Poison.
  1116 | D:2      | HP: 9/40 [frilled lizard (2)]
  1117 | D:2      | 1117 ||| INVOKING Spit Poison.
  1118 | D:2      | HP: 4/40 [frilled lizard (2)]
  1122 | D:2      | 1122 ||| INVOKING Spit Poison.
  1124 | D:2      | Reached skill level 3 in Fighting
  1125 | D:2      | 1125 ||| INVOKING Spit Poison.
  1125 | D:2      | HP: 4/42 [kobold/+0 club (2)]
  1129 | D:2      | 1129 ||| INVOKING Spit Poison.
  1368 | D:2      | 1368 ||| INVOKING Spit Poison.
  1421 | D:2      | 1421 ||| INVOKING Spit Poison.
  1451 | D:2      | 1451 ||| INVOKING Spit Poison.
  1486 | D:2      | 1486 ||| INVOKING Spit Poison.
  1516 | D:2      | 1516 ||| INVOKING Spit Poison.
  1521 | D:2      | 1521 ||| INVOKING Spit Poison.
  1774 | D:2      | 1774 ||| UPGRADING to amulet of regeneration.
  1779 | D:2      | 1779 ||| READING scroll labelled YCUDDEFORA.
  1780 | D:2      | 1780 ||| READING scroll labelled NUTAGU GERE.
  1781 | D:2      | 1781 ||| READING scroll labelled WOCINT NYEMABB.
  1859 | D:3      | Reached XP level 5. HP: 49/49 MP: 5/5
  1867 | D:3      | Noticed an orc warrior
  1881 | D:3      | 1881 ||| INVOKING Spit Poison.
  1887 | D:3      | 1887 ||| INVOKING Spit Poison.
  1891 | D:3      | 1891 ||| INVOKING Spit Poison.
  1898 | D:3      | 1898 ||| INVOKING Spit Poison.
  1931 | D:3      | 1931 ||| INVOKING Spit Poison.
  2025 | D:3      | 2025 ||| INVOKING Spit Poison.
  2069 | D:3      | 2069 ||| INVOKING Spit Poison.
  2070 | D:3      | 2070 ||| INVOKING Spit Poison.
  2092 | D:3      | 2092 ||| INVOKING Spit Poison.
  2115 | D:3      | 2115 ||| INVOKING Spit Poison.
  2166 | D:3      | 2166 ||| INVOKING Spit Poison.
  2171 | D:3      | Found a glowing silver altar of Zin.
  2298 | D:3      | Found an iron altar of Okawaru.
  2299 | D:3      | 2299 ||| PLANNING OKAWARU WORSHIP
  2299 | D:3      | 2299 ||| UPGRADING to +2 ring mail of positive energy.
  2309 | D:3      | 2309 ||| DROPPING +0 leather armour.
  2310 | D:3      | 2310 ||| UPGRADING to ring of positive energy.
  2311 | D:3      | 2311 ||| READING 2 scrolls labelled AHEORGH TUPTAU.
  2312 | D:3      | 2312 ||| DRINKING 2 grey potions.
  2313 | D:3      | 2313 ||| DRINKING 3 fuming coppery potions.
  2314 | D:3      | 2314 ||| DROPPING scroll of noise.
  2315 | D:3      | 2315 ||| DROPPING potion of brilliance.
  2324 | D:3      | Became a worshipper of Warmaster Okawaru
  2324 | D:3      | 2324 ||| PLANNING D:1-11
  2475 | D:3      | 2475 ||| READING 2 scrolls of identify.
  2475 | D:3      | 2475 ||| IDENTIFYING sedimented white potion
  2523 | D:4      | 2523 ||| PLANNING SEWER
  2543 | D:4      | 2543 ||| INVOKING Spit Poison.
  2545 | D:4      | Noticed a phantom
  2555 | D:4      | Killed a phantom
  2556 | D:4      | Reached XP level 6. HP: 52/56 MP: 6/6
  2565 | D:4      | 2565 ||| INVOKING Spit Poison.
  2571 | D:4      | 2571 ||| INVOKING Spit Poison.
  2572 | D:4      | 2572 ||| Stepping ~*~*~tactically~*~*~ (outnumbered).
  2573 | D:4      | HP: 12/56 [orc priest/divine providence (15)]
  2574 | D:4      | 2574 ||| READING scroll of teleportation.
  2576 | D:4      | Killed from afar by an orc priest

Levels and vault maps discovered:
D:1:      psy_arrival_statuary, layout_basic, serial_shops,
          nicolae_book_shop_shelving
D:2:      layout_loops_cross, ebering_ecumenical_altar_rust, minmay_heptomino_w4
D:3:      layout_loops_ring, okawaru_trees_1, mainiacjoe_overflow_paths,
          fountainhead, lightli_corner_chamber
D:4:      layout_cave_pools, worldfamousw_hep_ancestral_shrine,
          grunt_temple_overflow_open, temple_statues,
          cheibrodos_sewer_entry_drain, nicolae_wormholes

Skill      XL: |  1  2  3  4  5 |
---------------+----------------+-----
Ranged Weapons | 4 5 |  5.6
Fighting       | 3 |  3.0
Armour         | 2 |  2.0
Dodging        | |  1.5
Stealth        | |  1.5

Action                     |  1- 3 |  4- 6 || total
---------------------------+-------+-------++-------
   Fire: Shortbow          |    62 |    89 ||   151
Ability: Spit Poison       |    22 |    29 ||    51
    Use: Scroll            |     3 |     6 ||     9
         Potion            |       |     2 ||     2
 Armour: Leather armour    |     6 |    47 ||    53
         Ring mail         |       |    10 ||    10
  Dodge: Dodged            |    15 |    67 ||    82

Table legend:
 A = Non-vault XP
 B = Vault XP
 C = Vault XP percentage of total XP
 D = Non-vault monster count
 E = Vault monster count
 F = Vault count percentage of total count
                 A         B        C        D         E       F
            +---------+---------+-------+---------+---------+-------
      Total |     316 |      39 |  11.0 |      71 |       9 |  11.2
            +---------+---------+-------+---------+---------+-------
        D:1 |      60 |       0 |   0.0 |      29 |       0 |   0.0
        D:2 |      65 |      39 |  37.5 |      21 |       9 |  30.0
        D:3 |      81 |       0 |   0.0 |      18 |       0 |   0.0
        D:4 |     110 |       0 |   0.0 |       3 |       0 |   0.0
            +---------+---------+-------+---------+---------+-------
